 Dungeon Crawl Stone Soup version 0.28-a0-265-g048bc9fd10 (webtiles) character file.

Game seed: 2540663088461041104

3549 rogsnak the Thaumaturge (level 10, 0/65 HPs)
             Began as a Djinni Fire Elementalist on Aug 28, 2021.
             Was a Follower of Makhleb.
             Shot with an arrow by a centaur (15 damage)
             ... on level 8 of the Dungeon.
             The game lasted 00:13:59 (7508 turns).

rogsnak the Thaumaturge (Djinni Fire Elementalist)  Turns: 7508, Time: 00:13:59

Health: 0/65       AC:  6    Str:  7    XL:     10   Next: 30%
Gold:   391        EV: 15    Int: 19    God:    Makhleb [*.....] SH:  0 Dex: 15

rFire   + + .      SeeInvis .   I - +10 spear "Ajeony" {venom, Will+}
rCold   x . .      Faith    .   (no shield)
rNeg    . . .      Spirit   .   a - +0 robe
rPois   ∞          Reflect  .   A - +0 helmet
rElec   .          Harm     .   (no cloak)
rCorr   .          Rampage  .   H - +2 pair of gloves
Will    ++...                   (boots unavailable)
Stlth   ++........              (no amulet)
HPRegen 0.20/turn               (no ring)
MPRegen 0.00/turn               (no ring)

@: mighty, flying
A: sickness immunity, fire resistance 2, cold vulnerability 1, float, innate
caster, hp casting, extra vitality 1
a: Renounce Religion


You were on level 8 of the Dungeon.
You worshipped Makhleb.
Makhleb was aware of your devotion.
You visited 2 branches of the dungeon, and saw 9 of its levels.

You collected 391 gold pieces.

Inventory:

Hand Weapons
 c - a +3 dagger
 u - a +1 hand axe of draining
 v - a +2 antimagic morningstar
 B - a +1 mace of protection
 E - a +1 flail of holy wrath
 I - the +10 spear "Ajeony" (weapon) {venom, Will+}
   (You found it on level 8 of the Dungeon)

   It poisons the flesh of those it strikes.
   Will:      It increases your willpower.
Missiles
 k - 2 throwing nets
 t - 8 poisoned darts
 x - 4 curare-tipped darts
 C - 3 javelins
Armour
 a - a +0 robe (worn)
 A - a +0 helmet (worn)
 H - a +2 pair of gloves (worn)
Jewellery
 e - a ring of willpower
Wands
 s - a wand of polymorph (11)
 J - a wand of flame (20)
Scrolls
 b - a scroll of holy word {unknown}
 d - a scroll of blinking {unknown}
 f - a scroll of immolation {unknown}
 j - 3 scrolls of fog {unknown}
 l - 2 scrolls of vulnerability {unknown}
 m - 5 scrolls of identify {unknown}
 o - 2 scrolls of noise {unknown}
 q - a scroll of amnesia {unknown}
 r - 2 scrolls of enchant armour {unknown}
 y - 3 scrolls of enchant weapon {unknown}
 D - a scroll of fear {unknown}
Potions
 g - a potion of might
 h - 3 potions of heal wounds {unknown}
 i - 2 potions of curing {unknown}
 n - 2 potions of berserk rage {unknown}
 p - 2 potions of flight {unknown}
 w - a potion of resistance {unknown}
 z - a potion of lignification {unknown}
 F - a potion of haste {unknown}
 G - a potion of attraction {unknown}


   Skills:
 + Level 2.7 Fighting
 + Level 0.1 Polearms
 + Level 6.2 Dodging
 - Level 1.6 Stealth
 + Level 10.1 Spellcasting


You had 5 spell levels left.
You knew the following spells:

 Your Spells              Type           Power      Damage    Failure   Level
a - Foxfire               Conj/Fire      100%       2x1d9     1%          1
b - Conjure Flame         Conj/Fire      48%        6-21      1%          3
c - Inner Flame           Hex/Fire       48%        N/A       1%          3
d - Sticky Flame          Conj/Fire      48%        2d7       1%          4
e - Fireball              Conj/Fire      24%        3d11      3%          5
f - Animate Skeleton      Necr           96%        N/A       1%          1
g - Blink                 Tloc           N/A        N/A       1%          2
h - Passwall              Tmut/Erth      40%        N/A       1%          2
i - Call Canine Familiar  Summ           48%        N/A       1%          3
Your spell library was empty.

Dungeon Overview and Level Annotations

Branches:
Dungeon (8/15)             Temple (1/1) D:4
   Lair: D:8-11

Altars:
Ashenzari
Cheibriados
Dithmenos
Elyvilon
Fedhas
Gozag
Hepliaklqana
Kikubaaqudgha
Makhleb
Okawaru
Qazlal
Ru
Sif Muna
Trog
Uskayaw
Vehumet
Wu Jian
Xom
Yredelemnul
Zin
The Shining One

Shops:
D:3 ?   D:5 =


Innate Abilities, Weirdness & Mutations

You are immune to sickness and miasma.
You are immune to poison.
Your flesh is very heat resistant. (rF++)
You are vulnerable to cold. (rC-)
You float through the air rather than walking.
You learn spells naturally, not from books.
Your magical power is your life essence.
You have superior vitality. (+4 HP)


Message History

Confirm with . or Enter, or press ? or * to list all spells.
You conjure some foxfire!
The foxfire hits the hound.
The hound is heavily wounded.
A centaur comes into view.
The foxfire hits the hound but does no damage.
The hound is heavily wounded.
Casting: Foxfire (safe; 1% risk of failure)
Confirm with . or Enter, or press ? or * to list all spells.
You conjure some foxfire!
The foxfire hits the hound!
You kill the hound!
Makhleb accepts your kill.
The foxfire hits the wolf but does no damage.
The two-headed ogre hits your two-headed ogre skeleton with a +0 giant club! x2
Your two-headed ogre skeleton is destroyed!
Unknown command.
Casting: Foxfire (safe; 1% risk of failure)
Confirm with . or Enter, or press ? or * to list all spells.
Aiming: Sticky Flame (dangerous; 1% risk of failure)
Press: ? - help, Shift-Dir - straight line, f - wolf
Aim: a wolf (ally target, 100% to hit)
The sticky flame hits the wolf.
The wolf is moderately wounded.
The wolf is covered in liquid flames!
* * * LOW HITPOINT WARNING * * *
The wolf burns!
The foxfire hits the wolf.
The wolf is severely wounded.
The foxfire hits the wolf.
The wolf is almost dead.
The wolf bites you but does no damage.
The centaur wields a +0 shortbow.
The centaur shoots an arrow.
The arrow hits you.
* * * LOW HITPOINT WARNING * * *
Unknown command.
It was a potion of might.
You feel very mighty all of a sudden.
The wolf burns!
You kill the wolf!
Makhleb accepts your kill.
The centaur shoots an arrow.
The arrow completely misses you.
Found 20 stones.
The centaur shoots an arrow.
The arrow hits you!
You die...

...........#... ..
...........#... #...(
...........#.... ##....≈
..#[..............#..?≈.
>............... ......≈
..####.####...)##.....≈≈
....#...#......O........
...............†.......≈
##..#...#..)....@.#.....
##.....................
###............##...≈≈
#...##.......##.....
#...##c..........#.#
#...........####....
#...##...)..# ..
......########## #######


You could see a two-headed ogre and a centaur.

Vanquished Creatures
  A two-headed ogre (D:8)
  Pikel (D:6)
  Prince Ribbit (D:5)
  Eustachio (D:6)
  Edmund (D:6)
  An ice beast (D:5)
  A sky beast (D:6)
  A black bear (D:6)
  2 ogres (D:6)
  2 wolves (D:8)
  2 centaurs (D:6)
  A phantom (D:5)
  2 lemures (D:6)
  3 bullfrogs
  2 scorpions
  A water moccasin skeleton (D:4)
  4 killer bees
  A howler monkey (D:5)
  3 hounds
  A gnoll shaman (D:5)
  3 iguanas
  2 orc wizards
  A hound skeleton (D:4)
  A howler monkey zombie (D:8)
  7 adders
  8 gnolls
  A shadow imp (D:6)
  2 white imps
  An ufetubus (D:6)
  4 dart slugs
  9 orcs
  5 endoplasms
  4 giant cockroaches
  3 goblins
  8 hobgoblins
  9 jackals
  2 quokkas
  6 ball pythons
  7 bats
  2 frilled lizards
  8 kobolds
  4 rats
129 creatures vanquished.

Vanquished Creatures (collateral kills)
  A troll (D:8)
  An iguana (D:7)
2 creatures vanquished.

Vanquished Creatures (others)
  455 foxfires
455 creatures vanquished.

Grand Total: 586 creatures vanquished

Notes
Turn   | Place    | Note
-------+----------+-------------------------------------------
     0 | D:1      | rogsnak the Djinni Fire Elementalist began the quest for
                  | the Orb.
     0 | D:1      | Reached XP level 1. HP: 15/15 MP: 0/0
   235 | D:1      | Reached XP level 2. HP: 16/21 MP: 0/0
   710 | D:1      | Reached skill level 3 in Spellcasting
   710 | D:1      | Reached XP level 3. HP: 23/25 MP: 0/0
   710 | D:1      | Learned a level 1 spell: Animate Skeleton
  1317 | D:2      | Reached XP level 4. HP: 28/31 MP: 0/0
  1753 | D:2      | Found a faded altar of an unknown god.
  2118 | D:3      | Found Libat's Magic Scroll Shop.
  2135 | D:3      | Reached XP level 5. HP: 20/36 MP: 0/0
  2135 | D:3      | Learned a level 2 spell: Blink
  2455 | D:3      | Reached skill level 4 in Spellcasting
  3188 | D:4      | Reached XP level 6. HP: 30/41 MP: 0/0
  3709 | D:4      | Found a staircase to the Ecumenical Temple.
  3719 | Temple   | Entered the Ecumenical Temple
  3746 | Temple   | Became a worshipper of Makhleb the Destroyer
  3963 | D:4      | Reached skill level 5 in Spellcasting
  4352 | D:5      | Entered Level 5 of the Dungeon
  4352 | D:5      | Found Etycrij's Jewellery Boutique.
  4569 | D:5      | Reached XP level 7. HP: 38/46 MP: 0/0
  4569 | D:5      | Learned a level 2 spell: Passwall
  4814 | D:5      | Noticed Prince Ribbit
  4826 | D:5      | Killed Prince Ribbit
  4827 | D:5      | Reached skill level 1 in Fighting
  4827 | D:5      | Reached skill level 6 in Spellcasting
  5141 | D:5      | Reached XP level 8. HP: 49/52 MP: 0/0
  5408 | D:5      | Reached skill level 7 in Spellcasting
  5821 | D:6      | Reached skill level 8 in Spellcasting
  5821 | D:6      | Reached XP level 9. HP: 26/57 MP: 0/0
  5821 | D:6      | Learned a level 3 spell: Call Canine Familiar
  6421 | D:6      | Noticed Edmund
  6434 | D:6      | Killed Edmund
  6515 | D:6      | Noticed Pikel
  6520 | D:6      | Killed Pikel
  6521 | D:6      | Reached skill level 9 in Spellcasting
  6916 | D:6      | Noticed Eustachio
  6921 | D:6      | Killed Eustachio
  7193 | D:7      | Reached skill level 5 in Dodging
  7327 | D:8      | Reached * piety under Makhleb
  7437 | D:8      | Identified the +10 spear "Ajeony" {venom, Will+}
  7466 | D:8      | Noticed a two-headed ogre
  7476 | D:8      | Killed a two-headed ogre
  7477 | D:8      | Reached XP level 10. HP: 36/65 MP: 0/0
  7497 | D:8      | Reached skill level 10 in Spellcasting
  7500 | D:8      | Noticed a two-headed ogre
  7508 | D:8      | Shot with an arrow by a centaur

Illustrated notes

Levels and vault maps discovered:
D:1:      lightli_arrival_isolated_outpost, layout_basic
D:2:      layout_loops_cross, shapermc_ecumenical_altar_gd
D:3:      layout_rooms, serial_shops, shop
D:4:      layout_basic, temple_pool_b
D:5:      layout_rooms, serial_shops, shop, uniq_prince_ribbit1
D:6:      layout_loops_ring, uniq_edmund, uniq_pikel, uniq_eustachio
D:7:      layout_loops_cross, gammafunk_ghost_necromancy,
          minmay_a_box_with_orc_wizards_in_it
D:8:      layout_rooms, erik_lair_island, disabler_island, uniq_harold
Temple:   nicolae_temple_the_god_donut

Skill      XL: |  1  2  3  4  5  6  7  8  9 10 |
---------------+-------------------------------+-----
Spellcasting   | 3 4 5 6 8 9 10 | 10.1
Dodging        | 3 5 6 |  6.2
Fighting       | 1 2 |  2.7
Polearms       | |  0.1
Stealth        | |  1.6

Action                   |  1- 3 |  4- 6 |  7- 9 | 10-12 || total
-------------------------+-------+-------+-------+-------++-------
Melee: Dagger            |     9 |     5 |       |       ||    14
       Hand axe          |       |    11 |    23 |       ||    34
       Spear             |       |       |       |     1 ||     1
 Cast: Foxfire           |    43 |   151 |    79 |     9 ||   282
       Animate Skeleton  |     2 |    13 |     7 |     2 ||    24
       Sticky Flame      |       |     1 |    22 |     3 ||    26
       Fireball          |       |       |     5 |       ||     5
       Blink             |       |       |     1 |       ||     1
  Use: Potion            |       |       |       |     1 ||     1
 Stab: Sleeping          |       |     1 |       |       ||     1
Armor: Robe              |     2 |     8 |    13 |     1 ||    24
Dodge: Dodged            |    12 |    25 |    78 |     6 ||   121

Table legend: (Time is in decaauts)
 A = Elapsed time spent in this place.
 B = Non-inter-level travel time spent in this place.
 C = Inter-level travel time spent in this place.
 D = Time resting spent in this place.
 E = Time spent auto-exploring this place.
 F = Levels seen in this place.
 G = Mean time per level.
                   A        B        C        D        E       F      G
               +--------+--------+--------+--------+--------+-----+--------+
         Total |   7519 |   7418 |    101 |   1634 |   4545 |   9 |  835.4 |
       Dungeon |   7464 |   7363 |    101 |   1634 |   4531 |   8 |  933.0 |
        Temple |     54 |     54 |      0 |      0 |     14 |   1 |   54.0 |
               +--------+--------+--------+--------+--------+-----+--------+

Top non-repeatable levels by time:
     D:4: 1591 daAuts
     D:6: 1525 daAuts
     D:1: 1305 daAuts
     D:2: 1105 daAuts
     D:5: 807 daAuts
     D:3: 736 daAuts
     D:7: 209 daAuts
     D:8: 183 daAuts
  Temple: 54 daAuts
